AoeStats
← SfL13

Arena

506850708Analyzed
1v1 RM · 15d ago on Sep 15, 2026· 41m 54s· 2 players
Game mode
Random Map
Map size
Tiny (2 player)
Population
200
Speed
Normal
Resources
Standard
Victory
Conquest
Starting age
Dark Age
Ending age
Imperial Age
RankedLock teamsTeams togetherTeam positionsShared explorationLock speedFull tech treeHidden civsTurbo modeCheats
Victory
Defeat
🇩🇪 Wei · Germany
948
+15
🇿🇦 Japanese · South Africa
927
-15
SfL13
11:55 Feudal Age
12:39 Double-Bit Axe
16:31 Castle Age
15:06 Stone Mining
16:24 Gold Mining
17:01 Loom
17:20 Scale Mail Armor
21:10 Bow Saw
23:00 Wheelbarrow
28:21 Arson
36:19 Imperial Age
33:39 Town Watch
36:28 Gold Shaft Mining
38:36 Kataparuto
39:08 Elite Samurai
GarlicBreath
11:28 Feudal Age
12:04 Horse Collar
12:13 Double-Bit Axe
12:21 Gold Mining
14:25 Loom
15:15 Wheelbarrow
18:29 Castle Age
17:14 Bloodlines
17:55 Scale Barding Armor
19:38 Heavy Plow
19:51 Bow Saw
21:11 Stone Mining
21:50 Town Watch
23:57 Gold Shaft Mining
27:21 Stone Shaft Mining
27:21 Hand Cart
27:23 Fletching
28:10 Treadmill Crane
28:51 Ballistics
28:30 Bodkin Arrow
28:37 Padded Archer Armor
35:27 Imperial Age
33:57 Leather Archer Armor
33:51 Thumb Ring
36:51 Bracer
37:22 Ring Archer Armor
37:58 Chemistry
37:55 Parthian Tactics
40:21 Ming Guang Armor
40:16 Conscription
Connection lost

Rejoining the realm…

Still unreachable

The connection could not be restored.

Session expired

The server has moved on; the page needs a fresh start.